 Dungeon Crawl Stone Soup version 0.19-a0-1540-g35a11b8 (webtiles) character file.

68 MackTheKnife the Chopper (level 4, -5/35 HPs)
             Began as a Demonspawn Berserker on Sept 14, 2016.
             Was a Believer of Trog.
             Killed from afar by Natasha (10 damage)
             ... with a magic dart
             ... on level 2 of the Dungeon.
             The game lasted 00:01:24 (1297 turns).

MackTheKnife the Chopper (Demonspawn Berserker)     Turns: 1297, Time: 00:01:24

Health: -5/35      AC:  6    Str: 18    XL:     4   Next: 1%
Magic:  4/4        EV: 10    Int:  9    God:    Trog [**....]
Gold:   142        SH:  0    Dex: 12    Spells: 0 memorised, 3 levels left

rFire  . . .     SeeInvis .     a - +0 hand axe
rCold  . . .     Gourm    .     t - +0 scale mail
rNeg   . . .     Faith    .     (no shield)
rPois  .         Spirit   .     (helmet restricted)
rElec  .         Dismiss  .     (no cloak)
rCorr  .         Reflect  .     (no gloves)
MR     .....     Harm     .     (no boots)
Stlth  ..........               (no amulet)
                                (no ring)
                                (no ring)

@: no status effects
A: horns 1
a: Berserk, Trog's Hand, Burn Spellbooks, Renounce Religion


You were on level 2 of the Dungeon.
You worshipped Trog.
Trog was pleased with you.
You were not hungry.

You visited 1 branch of the dungeon, and saw 2 of its levels.

You collected 142 gold pieces.

Inventory:

Hand Weapons
 a - a +0 hand axe (weapon)
 b - a +1 dagger of venom
   (You found it on level 2 of the Dungeon)
Armour
 t - a +0 scale mail (worn)
   (You found it on level 2 of the Dungeon)
Wands
 p - a wand of iceblast (13/15)
   (You found it on level 2 of the Dungeon)
Scrolls
 e - a scroll of fog {unknown}
 g - 2 scrolls of identify {unknown}
 j - 2 scrolls of remove curse {unknown}
 m - a scroll of noise {unknown}
 o - 2 scrolls of enchant weapon {unknown}
 r - a scroll of fear {unknown}
 s - a scroll of teleportation {unknown}
 u - a scroll of blinking {unknown}
Potions
 d - a potion of might {unknown}
 f - 3 potions of curing
 h - a potion of mutation {unknown}
 i - a potion of berserk rage {unknown}
 k - a potion of lignification {unknown}
 l - a potion of cure mutation {unknown}
 n - a potion of flight {unknown}
Comestibles
 c - a bread ration {@e1}
 q - 2 chunks of flesh {@w0}


   Skills:
 - Level 3.0 Fighting
 + Level 4.4 Axes
 - Level 1.7 Armour
 - Level 1.7 Dodging


You had 3 spell levels left.
You didn't know any spells.

Dungeon Overview and Level Annotations

Branches:
Dungeon (2/15)

Altars:

Annotations:
D:2 Natasha


Innate Abilities, Weirdness & Mutations

You have a pair of small horns on your head.


Message History

You see here a giant gecko skeleton.
A hobgoblin comes into view. It is wielding a club.
Unknown command.
The hobgoblin shouts!
You hit the hobgoblin. Your headbutt misses the hobgoblin.
The hobgoblin barely misses you.
You hit the hobgoblin.
You kill the hobgoblin!
Trog accepts your kill.
No target in view!
No target in view!
Things that are here:
a club; a hobgoblin corpse You see here a scale mail.
t - a scale mail Wear which item? (? for menu, Esc to quit)
You start removing your armour.
You continue taking off your +0 animal skin. x4
You finish taking off your +0 animal skin.
You start putting on your armour.
You continue putting on your scale mail. x5
You finish putting on your +0 scale mail.
Drop what? 20/52 slots (_ for help) (? for menu, Esc to quit)
You drop a +0 animal skin.
g - 2 scrolls labeled TAORIA LASUPS (gained 1)
b - a glowing dagger A giant gecko comes into view.
A giant gecko is nearby!
A giant gecko is nearby!
You closely miss the giant gecko. The giant gecko bites you.
The giant gecko barely misses you.
You take 2 damage, and have 27/29 hp.
You hit the giant gecko. Your headbutt misses the giant gecko.
The giant gecko bites you but does no damage.
You hit the giant gecko.
You kill the giant gecko!
Trog accepts your kill.
No target in view!
No target in view!
u - a scroll labeled IWONNUSI ZUSAA Natasha, Servant of Life and Death comes into view.
Natasha barely misses you.
You closely miss Natasha. You headbutt Natasha! Natasha claws you.
You take 4 damage, and have 24/29 hp.
Your scale mail prevents you from hitting Natasha.
Natasha misses you.
You hit Natasha. Natasha casts a spell at you. The magic dart hits you!
You take 4 damage, and have 20/29 hp.
You closely miss Natasha. You headbutt Natasha.
Natasha howls an incantation.
You feel troubled.
Natasha casts a spell.
You barely miss Natasha. Natasha closely misses you.
You barely miss Natasha. You headbutt Natasha.
You kill Natasha!
Trog accepts your kill.
You can now call upon Trog for regeneration and protection from hostile enchantments.
Trog appreciates your killing of a magic user.
Natasha growls in agony!
The crimson imp disappears in a puff of smoke!
You have reached level 4!
You feel clever.
You regained 4 hp, and now have 24/35 hp.
MP restored: 4 You see here the felid corpse of Natasha.
You butcher the felid corpse of Natasha.
q - 3 chunks of flesh {@w0} (gained 2)
You start resting.
Natasha, Servant of Life and Death comes into view.
You regained 5 hp, and now have 30/35 hp.
Natasha hisses angrily.
Natasha casts a spell at you. The magic dart hits you!
You take 9 damage, and have 21/35 hp.
MASSIVE DAMAGE!!
Some of the chunks of flesh in your inventory have rotted away.
Natasha casts a spell at you. The magic dart hits you!
You take 3 damage, and have 19/35 hp.
You hit Natasha.
Natasha mumbles some strange words.
You feel disoriented. Natasha claws you!
You take 7 damage, and have 12/35 hp.
You hit Natasha but do no damage. You headbutt Natasha, but do no damage.
Natasha closely misses you.
You miss Natasha. Natasha claws you!
* * * LOW HITPOINT WARNING * * *
You take 7 damage, and have 5/35 hp.
You hit Natasha but do no damage. You headbutt Natasha!
Natasha claws you but does no damage.
You closely miss Natasha. Your headbutt misses Natasha.
Natasha claws you but does no damage.
Unknown command.
You hit Natasha. Natasha casts a spell at you. The magic dart hits you!
You die...

#.# #.# # ##.##
#.#####...####
##............#
............#.##########
#######.#[..............
#.# #.#.#.#.##########
#.# #@#..)..# ###### ..#
#.##### #h###.... ......
#.# .....#####.########
###### #.#
######..............#
#.###............######.#
#.....####.####..# ##.##
...........# #..# ##.#.##
#(###...(..# #..#
##.###.#######
#.###..##### #..# #.##
##.......


You could see Natasha.

Vanquished Creatures
  Natasha (D:2)
  2 adders (D:2)
  A dart slug (D:1)
  2 giant geckos (D:2)
  A ball python (D:2)
  2 bats
  2 hobgoblins
  A quokka (D:2)
  A giant newt (D:1)
  4 goblins (D:1)
  A kobold (D:1)
  6 rats
24 creatures vanquished.

Notes
Turn   | Place    | Note
-------+----------+-------------------------------------------
     0 | D:1      | MackTheKnife the Demonspawn Berserker began the quest for the Orb.
     0 | D:1      | Reached XP level 1. HP: 18/18 MP: 1/1
   160 | D:1      | Reached skill level 3 in Axes
   219 | D:1      | Gained mutation: You have a pair of small horns on your head. [demonic ancestry]
   219 | D:1      | Reached XP level 2. HP: 23/24 MP: 2/2
   814 | D:2      | HP: 7/36 [adder (3)]
   817 | D:2      | Reached XP level 3. HP: 7/29 MP: 3/3
   819 | D:2      | HP: 5/43 [poisoned by an adder]
   879 | D:2      | Reached skill level 4 in Axes
  1223 | D:2      | Noticed Natasha
  1233 | D:2      | Killed Natasha
  1233 | D:2      | Reached ** piety under Trog
  1233 | D:2      | Reached XP level 4. HP: 24/35 MP: 4/4
  1288 | D:2      | Noticed Natasha
  1294 | D:2      | HP: 5/35 [Natasha (7)]
  1297 | D:2      | Killed from afar by Natasha

Vault maps used:
D:1:      lemuel_arrival_behind_the_door_small
D:2:      uniq_natasha

Skill      XL: |  1  2  3 |
---------------+----------+-----
Axes           | 3 4 |  4.4
Fighting       | |  3.0
Armour         | |  1.7
Dodging        | |  1.7

Action                   |  1- 3 |  4- 6 || total
-------------------------+-------+-------++-------
Melee: Hand axe          |    69 |     6 ||    75
       Headbutt          |     8 |     2 ||    10
Invok: Berserk           |     1 |       ||     1
  Use: Potion            |     1 |       ||     1
 Stab: Sleeping          |     1 |       ||     1
  Eat: Chunk             |     2 |       ||     2
Armor: Animal skin       |    15 |       ||    15
       Scale mail        |     1 |     2 ||     3
Dodge: Dodged            |    50 |     1 ||    51

Vault maps used:
D:1:      lemuel_arrival_behind_the_door_small
D:2:      uniq_natasha

Table legend:
 A = Turns spent in this place as a percentage of turns spent in the entire game.
 B = Non-inter-level travel turns spent in this place as a percentage of non-inter-level travel turns spent in the entire game.
 C = Inter-level travel turns spent in this place as a percentage of turns spent in this place.
 D = Turns resting spent in this place as a percentage of non-inter-level travel turns spent in this place.
 E = Turns spent auto-exploring this place as a percentage of non-inter-level travel turns spent in this place.
 F = Non-inter-level travel turns spent in this place divided by the number of levels of this place that you've seen.
                   A       B       C       D       E      F
               +-------+-------+-------+-------+-------+----------------------
         Total | 100.0 | 100.0 |   0.3 |   3.5 |  15.6 | 170.0
       Dungeon | 100.0 | 100.0 |   0.3 |   3.5 |  15.6 | 170.0
               +-------+-------+-------+-------+-------+----------------------

Table legend:
 A = Kills in this place as a percentage of kills in entire the game.
 B = Kills by you in this place as a percentage of kills by you in the entire game.
 C = Kills by friends in this place as a percentage of kills by friends in the entire game.
 D = Other kills in this place as a percentage of other kills in the entire game.
 E = Experience gained in this place as a percentage of experience gained in the entire game.
 F = Experience gained in this place divided by the number of levels of this place that you have seen.
                   A       B       C       D       E      F
               +-------+-------+-------+-------+-------+----------------------
         Total | 100.0 | 100.0 |  -nan |  -nan | 100.0 |  49.0
       Dungeon | 100.0 | 100.0 |  -nan |  -nan | 100.0 |  49.0
               +-------+-------+-------+-------+-------+----------------------
